 Dungeon Crawl Stone Soup version 0.32-a0-899-geb5ba95c15 (webtiles) character file.

Game seed: 15978532336947969375

5879 jovan2203 the Blocker (level 9, -3/60 HPs)
             Began as a Gargoyle Fighter on Apr 5, 2024.
             Was a Believer of Ru.
             Slain by a wight
             ... wielding a +2 battleaxe
              (16 damage)
             ... on level 9 of the Dungeon.
             The game lasted 00:25:54 (8496 turns).

jovan2203 the Blocker (Gargoyle Fighter)            Turns: 8496, Time: 00:25:55

Health: -3/60      AC:  1    Str: 24    XL:     9   Next: 81%
Magic:  0/33       EV: 11    Int:  9    God:    Ru [**....]
Gold:   464        SH:  5    Dex:  9    Spells: 16/16 levels left

rFire   + + +        o - +2 flail (protect)
rCold   + . .        c - +0 buckler
rNeg    + . .        d - +1 ring mail "Orchifiudd" {-Cast Harm rElec rF++}
rPois   ∞            s - +2 helmet
rElec   +            z - +2 cloak
rCorr   +            C - +2 pair of gloves
SInv    .            (no boots)
Will    .....        u - amulet of guardian spirit Stlth
                     g - ring of magical power
HPRegen 0.30/turn    B - ring of magical power
MPRegen 0.23/turn

%: no spellcasting, harm (+30% outgoing, +20% incoming), guardian spirit
@: resistant, corroded, under a protective aura, hasted (expiring), very quick
A: sickness immunity, AC +6, negative energy resistance 1, electricity
resistance, torment resistance 1, petrification resistance, inexperienced 1, no
forms
a: Renounce Religion


You were on level 9 of the Dungeon.
You worshipped Ru.
Ru was pleased with you.
You visited 2 branches of the dungeon, and saw 10 of its levels.
You also visited: Ossuary.

You collected 464 gold pieces.

Inventory:

Hand Weapons
 o - a +2 flail of protection (weapon)
 I - a +5 flail
Missiles
 l - a throwing net (quivered)
Armour
 b - a +0 scale mail
 c - a +0 buckler (worn)
 d - the +1 ring mail "Orchifiudd" (worn) {-Cast Harm rElec rF++}
   (You found it on level 4 of the Dungeon)

   rF++:      It greatly protects you from fire.
   rElec:     It insulates you from electricity.
   -Cast:     It prevents spellcasting.
   Harm:      It increases damage dealt and taken.
 s - a +2 helmet (worn)
 z - a +2 cloak (worn)
 C - a +2 pair of gloves (worn)
 K - an orb of energy
Jewellery
 g - a ring of magical power (left hand)
 j - a ring of wizardry
 u - an amulet of guardian spirit (around neck)
 y - a +6 ring of dexterity
 B - a ring of magical power (right hand)
 D - a ring of protection from cold
 O - a ring of positive energy
Talismans
 a - a blade talisman
 E - a beast talisman
Wands
 n - a wand of mindburst (14)
Scrolls
 h - 2 scrolls of poison
 i - a scroll of blinking
 r - 4 scrolls of immolation
 F - 2 scrolls of teleportation
 G - a scroll of revelation {unknown}
 H - a scroll of fear
 J - a scroll of noise {unknown}
 M - 2 scrolls of identify
 N - a scroll of amnesia
 P - a scroll of vulnerability {unknown}
Potions
 e - a potion of cancellation {unknown}
 f - 3 potions of ambrosia
 k - 2 potions of curing
 m - 3 potions of enlightenment
 p - a potion of haste
 q - a potion of mutation {unknown}
 t - a potion of resistance
 v - 3 potions of degeneration
 w - a potion of attraction {unknown}
 x - a potion of invisibility {unknown}
 L - a potion of brilliance {unknown}


   Skills:
 * Level 8.5 Fighting
 - Level 2.1(3.4) Axes
 + Level 4.5(4.8) Maces & Flails
 * Level 8.5 Armour
 * Level 5.8 Dodging
 * Level 8.6 Shields
 + Level 4.3 Spellcasting


You had 16 spell levels left.
You didn't know any spells.
Your spell library contained the following spells:

 Spells                   Type           Power      Damage    Failure   Level
 Sandblast                Erth           2%         2d4       41%         1
 Inner Flame              Hex/Fire       1%         N/A       80%         3
 Maxwell's Portable Pile  Tloc           1%         2d(5-13)  80%         3
 Sigil of Binding         Hex            1%         N/A       80%         3
 Stone Arrow              Conj/Erth      2%         3d7       80%         3
 Brom's Barrelling Bould  Conj/Erth      1%         2d3       99%         4
 Cause Fear               Hex            0%         N/A       99%         4
 Arcjolt                  Conj/Air       0%         1d10      100%        5
 Maxwell's Capacitive Co  Air            0%         ∞         100%        8


Dungeon Overview and Level Annotations

Branches:
Dungeon (9/15)             Temple (1/1) D:5         Ossuary (visited)
   Lair: D:8-11         Orc: D:9-12

Altars:
Ashenzari
Cheibriados
Elyvilon
Fedhas
Gozag
Hepliaklqana
Makhleb
Nemelex Xobeh
Okawaru
Ru
Sif Muna
Trog
Uskayaw
Vehumet
Wu Jian
Xom
Yredelemnul
Zin
The Shining One

Shops:
D:3 !   D:4 :


Innate Abilities, Weirdness & Mutations

You are immune to sickness and miasma.
Your stone body is resilient. (AC +6)
You are immune to poison.
You resist negative energy. (rN+)
You are resistant to electric shocks. (rElec)
You are resistant to unholy torment.
You are immune to petrification.
You are somewhat inexperienced. (-1 XL)
You cannot voluntarily change form.


Message History

You barely miss the rust devil.
The rust devil is heavily wounded.
The rust devil hits you!
* * * LOW HITPOINT WARNING * * *
The rust devil corrodes you!
Okay, then.
Okay, then.
Blink to where?
Press: ? - help, Dir - move target
Okay, then.
Okay, then.
As you read the scroll of teleportation, it crumbles to dust.
You feel strangely unstable. You block the rust devil's attack.
You feel better.
You closely miss the rust devil.
The rust devil is heavily wounded.
The rust devil barely misses you.
You barely miss the rust devil.
The rust devil is heavily wounded.
The rust devil hits you.
* * * LOW HITPOINT WARNING * * *
The rust devil corrodes you!
You hit the rust devil but do no damage.
The rust devil is heavily wounded.
The rust devil hits you.
* * * LOW HITPOINT WARNING * * *
The rust devil corrodes you!
You sock the rust devil!
The rust devil is severely wounded.
The wight is no longer covered in acid.
You block the rust devil's attack.
You hit the rust devil but do no damage.
The rust devil is severely wounded.
Your surroundings suddenly seem different.
A red devil and a wight come into view.
The wight is wielding a +2 battleaxe and wearing a +2 robe of positive energy.
You open the door.
Your extra speed is starting to run out.
The wight hits you with a +2 battleaxe!
You die...
Ru respects your ultimate sacrifice.

#############
#...........#
#...........#
#...........#
#..........@#
..........z4'..#
............####
............#
............#
≈...........#
#≈..........#
§≈§≈ ..........#
§)§.###..# ## +


You could see a red devil and a wight.

Vanquished Creatures
  Pikel (D:4)
  Jeremiah (D:8)
  Psyche (D:8)
  Grinder (D:3)
  A wraith (D:7)
  6 yaks (D:9)
  Grum (D:8)
  An acid dragon (D:9)
  Duvessa (D:7)
  A water moccasin (D:7)
  The ghost of Gandelf the Magician, an amateur SpCj (D:5)
  An orc warrior (D:7)
  A black bear (D:6)
  An ogre (D:5)
  2 centaurs (D:8)
  3 wolves (D:8)
  Blork the orc (D:6)
  3 kobold brigands
  A phantom (D:5)
  3 bullfrogs
  8 scorpions
  5 wights
  Dowan (D:7)
  2 howler monkeys (D:7)
  A centaur zombie (Ossuary)
  A hound (D:5)
  Crazy Yiuf (D:3)
  A bullfrog zombie (D:5)
  A jelly (D:5)
  3 human zombies (Ossuary)
  An orc priest (D:7)
  A gnoll bouda (D:8)
  3 sleepcaps
  4 scorpion zombies (Ossuary)
  Natasha (twice) (D:2)
  3 iguanas (D:5)
  4 orc wizards
  3 mummies (Ossuary)
  2 howler monkey zombies (D:5)
  6 gnolls
  6 adders
  2 shadow imps
  A white imp (D:7)
  6 ufetubi
  An adder zombie (Ossuary)
  2 ribbon worms (D:3)
  A dart slug (D:4)
  45 orcs
  5 bats
  3 endoplasms
  A giant cockroach (D:2)
  4 goblins
  6 hobgoblins
  2 jackals (D:3)
  4 quokkas
  9 ball pythons
  2 ball python zombies (Ossuary)
  5 frilled lizards
  4 gnoll zombies (Ossuary)
  A jackal zombie (Ossuary)
  22 kobolds
  5 orc zombies (Ossuary)
  9 rats
231 creatures vanquished.

Vanquished Creatures (others)
  A kobold (D:8)
1 creature vanquished.

Grand Total: 232 creatures vanquished

Notes
Turn   | Place    | Note
-------+----------+-------------------------------------------
     0 | D:1      | jovan2203 the Gargoyle Fighter began the quest for the Orb.
     0 | D:1      | Reached XP level 1. HP: 14/14 MP: 1/1
   189 | D:1      | Reached XP level 2. HP: 11/19 MP: 2/2
   442 | D:1      | You fall into a shaft and drop 1 floor!
  1047 | D:2      | Reached skill level 1 in Dodging
  1047 | D:2      | Reached XP level 3. HP: 13/23 MP: 3/3
  1259 | D:2      | Reached XP level 4. HP: 29/29 MP: 4/4
  1497 | D:2      | Noticed Natasha
  1501 | D:2      | Killed Natasha
  1502 | D:2      | Reached XP level 5. HP: 33/33 MP: 6/6
  1892 | D:2      | Noticed Natasha
  1900 | D:2      | Killed Natasha
  2176 | D:3      | Found Geoniong's Distillery.
  2515 | D:3      | Noticed Grinder
  2515 | D:3      | Paralysed by Grinder for 3 turns
  2534 | D:3      | Paralysed by Grinder for 3 turns
  2545 | D:3      | Killed Grinder
  2546 | D:3      | Reached skill level 1 in Maces & Flails
  2546 | D:3      | Reached skill level 1 in Spellcasting
  2546 | D:3      | Reached XP level 6. HP: 24/39 MP: 7/7
  2732 | D:3      | Found a runed translucent door.
  2733 | D:3      | Noticed Crazy Yiuf
  2739 | D:3      | Paralysed by Crazy Yiuf for 1 turns
  2744 | D:3      | Killed Crazy Yiuf
  2851 | D:4      | Found Orghaf's Self-Improvement Boutique.
  3278 | D:4      | Reached XP level 7. HP: 44/44 MP: 9/9
  3305 | D:4      | Noticed Pikel
  3316 | D:4      | Killed Pikel
  3317 | D:4      | Reached skill level 5 in Fighting
  3317 | D:4      | Reached skill level 5 in Armour
  3317 | D:4      | Reached skill level 5 in Shields
  3317 | D:4      | Reached XP level 8. HP: 49/50 MP: 11/11
  3404 | D:4      | Identified the +1 ring mail "Orchifiudd" {-Cast Harm rElec
                  | rF++}
  3740 | D:5      | Entered Level 5 of the Dungeon
  3750 | D:5      | Found a transporter.
  3754 | D:5      | Found a transporter.
  3755 | D:5      | Noticed Gandelf's ghost (amateur SpCj)
  4263 | D:5      | Found a staircase to the Ecumenical Temple.
  4313 | Temple   | Entered the Ecumenical Temple
  4345 | Temple   | Became a worshipper of Ru the Awakened
  4452 | D:5      | Found a bloodstained altar of Trog.
  4966 | D:5      | Killed Gandelf's ghost
  5130 | D:6      | Reached XP level 9. HP: 54/56 MP: 13/13
  5179 | D:6      | Found a sand-covered staircase.
  5190 | Ossuary  | Entered an ossuary
  5649 | D:6      | Gained mutation: You are somewhat inexperienced. (-1 XL)
                  | [Ru sacrifice]
  5649 | D:6      | Reached XP level 8. HP: 52/52 MP: 21/21
  5649 | D:6      | Reached * piety under Ru
  5806 | D:6      | Found a burning altar of Makhleb.
  5832 | D:6      | Found a shimmering altar of Xom.
  5832 | D:6      | Found a bloodstained altar of Trog.
  5834 | D:6      | Found a glowing silver altar of Zin.
  5834 | D:6      | Found a snail-covered altar of Cheibriados.
  5834 | D:6      | Found a snail-covered altar of Cheibriados.
  6238 | D:6      | Noticed Blork the orc
  6245 | D:6      | Killed Blork the orc
  6386 | D:7      | Got Sif Muna's Codex of the Fairies
  6456 | D:7      | Noticed Duvessa
  6460 | D:7      | Noticed Dowan
  6478 | D:7      | Killed Duvessa
  6504 | D:7      | Killed Dowan
  6541 | D:7      | Reached XP level 9. HP: 45/57 MP: 14/14
  6645 | D:7      | Reached skill level 5 in Dodging
  6971 | D:7      | Identified the +7 sling "Hulk" {flame, rCorr Str-2 Int+2
                  | Dex+3}
  7091 | D:8      | Found a blossoming altar of Fedhas.
  7095 | D:8      | Noticed Grum
  7109 | D:8      | Noticed Jeremiah
  7112 | D:8      | Killed Grum
  7307 | D:8      | Killed Jeremiah
  7694 | D:8      | Noticed Psyche
  7719 | D:8      | Killed Psyche
  8020 | D:8      | Gained mutation: You cannot voluntarily change form. [Ru
                  | sacrifice]
  8020 | D:8      | Reached ** piety under Ru
  8022 | D:8      | Found a radiant altar of Vehumet.
  8444 | D:9      | Noticed a smoke demon
  8444 | D:9      | Noticed a rust devil
  8446 | D:9      | Noticed a rust devil
  8496 | D:9      | Slain by a wight

Illustrated notes

Levels and vault maps discovered:
D:1:      minmay_arrival_radiant_lines, layout_basic,
          chequers_serial_rivers_large_a, supply_closet_lemuel,
          nicolae_twisty_statue_hallways
D:2:      layout_basic, uniq_natasha
D:3:      layout_basic, serial_shops, shop_statue, uniq_crazy_yiuf_cottage,
          uniq_grinder
D:4:      layout_loops_corners, nicolae_shop_self_help, uniq_pikel
D:5:      minmay_diamond_boxcup, layout_basic, mainiacjoe_overflow_alcove_2,
          temple_green, gammafunk_ghost_mausoleum
D:6:      layout_gridville, doesnt_xom_only_xom,
          mainiacjoe_ossuary_entry_dusty_tomb, uniq_blork_the_orc
D:7:      layout_basic, uniq_duvessa
D:8:      layout_loops_ring, fedhas_altar_2, kennysheep_mini_moat, uniq_psyche,
          uniq_jeremiah, uniq_grum
D:9:      layout_roguey, gammafunk_ghost_hive, nicolae_where_there's_smoke
Temple:   nicolae_temple_bog_church

Skill      XL: |  1  2  3  4  5  6  7  8  9 |
---------------+----------------------------+-----
Dodging        | 1 2 3 5 |  5.8
Axes           | 2 |  2.1
Fighting       | 4 5 7 8 |  8.5
Armour         | 4 5 7 8 |  8.5
Shields        | 4 5 7 8 |  8.6
Maces & Flails | 1 2 4 |  4.5
Spellcasting   | 1 2 4 |  4.3

Action                     |  1- 3 |  4- 6 |  7- 9 || total
---------------------------+-------+-------+-------++-------
  Melee: War axe           |    92 |    19 |       ||   111
         Flail             |       |   202 |   799 ||  1001
 Invoke: Sacrifice Experie |       |       |     1 ||     1
         Sacrifice Forms   |       |       |     1 ||     1
    Use: Potion            |       |       |     7 ||     7
         Scroll            |       |       |    21 ||    21
   Stab: Distracted        |       |       |     1 ||     1
 Armour: Scale mail        |    77 |   318 |     7 ||   402
         Ring mail         |       |       |   728 ||   728
  Dodge: Dodged            |    51 |   165 |   524 ||   740
  Block: Buckler           |    22 |    76 |   275 ||   373

Table legend: (Time is in decaauts)
 A = Elapsed time spent in this place.
 B = Non-inter-level travel time spent in this place.
 C = Inter-level travel time spent in this place.
 D = Time resting spent in this place.
 E = Time spent auto-exploring this place.
 F = Levels seen in this place.
 G = Mean time per level.
                   A        B        C        D        E       F      G
               +--------+--------+--------+--------+--------+-----+--------+
         Total |   8757 |   8318 |    439 |      0 |   5865 |  11 |  796.1 |
       Dungeon |   8275 |   7836 |    439 |      0 |   5740 |   9 |  919.4 |
        Temple |     59 |     59 |      0 |      0 |      0 |   1 |   59.0 |
       Ossuary |    423 |    423 |      0 |      0 |    125 |   1 |  423.0 |
               +--------+--------+--------+--------+--------+-----+--------+

Top non-repeatable levels by time:
     D:5: 1257 daAuts
     D:8: 1160 daAuts
     D:1: 1073 daAuts
     D:2: 1027 daAuts
     D:6: 947 daAuts
     D:4: 935 daAuts
     D:3: 843 daAuts
     D:7: 716 daAuts
 Ossuary: 423 daAuts
     D:9: 314 daAuts
  Temple: 59 daAuts
